 Dungeon Crawl Stone Soup version 0.26-a0-651-gb41185065b (webtiles) character file.

Game seed: 13554076939362571016

226 Apogee the Cudgeler (level 6, -3/73 HPs)
             Began as a Human Berserker on Oct 12, 2020.
             Was a Believer of Trog.
             Slain by Pikel
             ... wielding a +0 whip of flaming
              (7 damage)
             ... on level 3 of the Dungeon.
             The game lasted 00:04:27 (3516 turns).

Apogee the Cudgeler (Human Berserker)               Turns: 3516, Time: 00:04:28

Health: -3/73      AC:  9    Str: 19    XL:     6   Next: 22%
Magic:  6/6        EV:  8    Int:  7    God:    Trog [**....]
Gold:   106        SH:  5    Dex: 13    Spells: 5/5 levels left

rFire    . . .     SeeInvis .   a - +0 mace
rCold    + . .     Faith    .   (no shield)
rNeg     . . .     Spirit   .   n - +0 chain mail
rPois    .         Reflect  +   (no helmet)
rElec    .         Harm     .   (no cloak)
rCorr    .         Rampage  .   (no gloves)
MR       .....                  (no boots)
Stlth    ..........             l - amulet of reflection
HPRegen  0.22/turn              o - ring of protection from cold
MPRegen  0.10/turn              (no ring)

@: berserking (expiring), very quick
A: no striking features
a: Berserk, Trog's Hand, Renounce Religion


You were on level 3 of the Dungeon.
You worshipped Trog.
Trog was pleased with you.
You visited 1 branch of the dungeon, and saw 4 of its levels.

You collected 106 gold pieces.

Inventory:

Hand Weapons
 a - a +0 mace (weapon)
Missiles
 w - 4 boomerangs (quivered)
Armour
 n - a +0 chain mail (worn)
   (You found it on level 2 of the Dungeon)
Jewellery
 l - an amulet of reflection (around neck)
   (You found it on level 2 of the Dungeon)
 o - a ring of protection from cold (left hand)
   (You found it on level 4 of the Dungeon)
Wands
 d - a wand of iceblast (6)
   (You took it off Ijyb on level 4 of the Dungeon)
Scrolls
 b - a scroll of noise {unknown}
 e - a scroll of remove curse {unknown}
 h - 4 scrolls of teleportation {unknown}
 i - 2 scrolls of amnesia {unknown}
 k - 2 scrolls of identify {unknown}
 q - a scroll of blinking {unknown}
 s - a scroll of immolation {unknown}
 t - a scroll of fog {unknown}
 u - a scroll of random uselessness {unknown}
 x - 3 scrolls of enchant armour {unknown}
 y - a scroll of fear {unknown}
Potions
 c - a potion of flight {unknown}
 f - a potion of resistance {unknown}
 g - 2 potions of stabbing {unknown}
 j - a potion of might {unknown}
 m - a potion of degeneration {unknown}
 p - 3 potions of haste {unknown}
 r - a potion of magic {unknown}


   Skills:
 + Level 4.4 Fighting
 + Level 4.4 Maces & Flails
 + Level 3.7 Armour
 - Level 2.0 Dodging


You had 5 spell levels left.
You didn't know any spells.
Your spell library was empty.

Dungeon Overview and Level Annotations

Branches:
Dungeon (4/15)
 Temple: D:4-7

Altars:
Cheibriados
Kikubaaqudgha
Zin

Annotations:
D:3 Pikel


Message History

* * * LOW HITPOINT WARNING * * *
You block the lemure's attack.
Found a ring mail.
Pikel closely misses you. The lemure barely misses you.
You feel yourself speed up.
Pikel says, "You'll feel the lick of my whip!"
Pikel says, "You'll make a fine lemure."
You block Pikel's attack.
You recover from your berserk rage.
There is a stone staircase leading up here.
You climb upwards.
There is a stone staircase leading down here.
It was a potion of berserk rage.
A red film seems to cover your vision as you go berserk!
You feel yourself moving faster!
You feel mighty! Pikel hits you but does no damage.
You sock Pikel! Pikel barely misses you.
You completely miss Pikel.
Pikel hits you with a +0 whip of flaming.
* * * LOW HITPOINT WARNING * * *
Pikel burns you.
* * * LOW HITPOINT WARNING * * *
You closely miss Pikel.
Pikel hits you with a +0 whip of flaming.
* * * LOW HITPOINT WARNING * * *
Pikel burns you.
* * * LOW HITPOINT WARNING * * *
You are too berserk!
Unknown command.
You sock Pikel! Pikel hits you but does no damage.
Unknown command.
You closely miss Pikel.
Unknown command.
Your chain mail prevents you from hitting Pikel.
Pikel hits you with a +0 whip of flaming.
* * * LOW HITPOINT WARNING * * *
Pikel burns you.
* * * LOW HITPOINT WARNING * * *
You hit Pikel.
Pikel hits you with a +0 whip of flaming.
* * * LOW HITPOINT WARNING * * *
Pikel burns you.
* * * LOW HITPOINT WARNING * * *
You sock Pikel!
Unknown command.
You hit Pikel but do no damage. Pikel closely misses you.
Unknown command.
You completely miss Pikel.
Pikel hits you with a +0 whip of flaming!
You die...

#......................รท.'.....
#.####....################.....
#.# #.........................
#.####.....####................
#.##.#####.#.......############
#.##............##.# #
#.##.#####.#.#..##.# # #.##.#
#.#.#..##.# # #.##.#
#.#.#@.##.############ #.##.#
#.#.#.K............... #.##.#
###.#.#...........##.... #.##.#
#.....#...........##.... #.##.#
#.....#...........##.... #.##.#
#.....#..##+##########..
#.##.###.....#..##.# #..
#............#..##.# #..
#.##...#.#'#.#..##.##########..


You could see Pikel.

Vanquished Creatures
  An ogre (D:2)
  A lemure (D:4)
  Ijyb (D:4)
  A gnoll (D:1)
  4 adders
  2 worms
  3 dart slugs
  3 leopard geckos
  5 orcs (D:4)
  2 ball pythons
  5 bats
  A bat zombie (D:4)
  2 giant cockroaches
  5 goblins
  A hobgoblin (D:1)
  A quokka (D:2)
  5 frilled lizards
  8 kobolds
  6 rats
  2 rat zombies (D:4)
59 creatures vanquished.

Notes
Turn   | Place    | Note
-------+----------+-------------------------------------------
     0 | D:1      | Apogee the Human Berserker began the quest for the Orb.
     0 | D:1      | Reached XP level 1. HP: 18/18 MP: 1/1
   297 | D:1      | Reached XP level 2. HP: 22/24 MP: 2/2
   558 | D:1      | Reached XP level 3. HP: 25/29 MP: 3/3
  1215 | D:2      | Reached XP level 4. HP: 36/36 MP: 4/4
  1335 | D:2      | Found a snail-covered altar of Cheibriados.
  1363 | D:2      | Found a glowing silver altar of Zin.
  1471 | D:2      | Noticed an ogre
  1488 | D:2      | Killed an ogre
  1488 | D:2      | Reached XP level 5. HP: 33/42 MP: 5/5
  1491 | D:2      | Reached ** piety under Trog
  3028 | D:4      | Reached XP level 6. HP: 45/48 MP: 6/6
  3054 | D:4      | Found an ancient bone altar of Kikubaaqudgha.
  3156 | D:4      | Noticed Ijyb
  3179 | D:4      | Killed Ijyb
  3416 | D:4      | Noticed Pikel
  3513 | D:3      | HP: 3/73 [Pikel/+0 whip of flaming (1)]
  3516 | D:3      | Slain by Pikel

Illustrated notes

Levels and vault maps discovered:
D:1:      scummos_arrival_checkerplants, layout_basic
D:2:      layout_rooms, lemuel_coloured_pillars_altar, old_standard_altar
D:3:      layout_basic, minmay_distorted
D:4:      kennysheep_kobold_camp, layout_basic, led_sif_pool,
          lemuel_zombie_altar_kikubaaqudgha, uniq_pikel, uniq_ijyb

Skill      XL: |  1  2  3  4 |
---------------+-------------+-----
Fighting       | 4 |  4.4
Maces & Flails | 4 |  4.4
Armour         | 3 |  3.7
Dodging        | |  2.0

Action                   |  1- 3 |  4- 6 || total
-------------------------+-------+-------++-------
Melee: Mace              |    77 |   171 ||   248
Invok: Berserk           |     2 |     3 ||     5
  Use: Potion            |       |     1 ||     1
Armor: Animal skin       |     6 |       ||     6
       Ring mail         |    23 |     8 ||    31
       Chain mail        |       |    52 ||    52
Dodge: Dodged            |    59 |    79 ||   138
Block: Other             |       |    33 ||    33

Table legend: (Time is in decaauts)
 A = Elapsed time spent in this place.
 B = Non-inter-level travel time spent in this place.
 C = Inter-level travel time spent in this place.
 D = Time resting spent in this place.
 E = Time spent auto-exploring this place.
 F = Levels seen in this place.
 G = Mean time per level.
                   A        B        C        D        E       F      G
               +--------+--------+--------+--------+--------+-----+--------+
         Total |   3590 |   3516 |     74 |    657 |   2252 |   4 |  897.5 |
       Dungeon |   3590 |   3516 |     74 |    657 |   2252 |   4 |  897.5 |
               +--------+--------+--------+--------+--------+-----+--------+

Top non-repeatable levels by time:
     D:1: 1239 daAuts
     D:3: 1201 daAuts
     D:2: 582 daAuts
     D:4: 567 daAuts
